Map: Catalyst LE

Players

DeMusliM - Winner!

  • Race: Terran Terran
  • League: Grandmaster
  • Spawn Location: 5:00

Maneater

  • Race: Terran Terran
  • League: Grandmaster
  • Spawn Location: 11:00

VOD

Have the link to the VOD?

Description

Time

  • Played on: Jan. 6, 2018, 4:38 p.m.
  • Length: 14:19
Show
View Real Time Build Order
Export as new Build Order

DeMusliM Terran - Winner!

Build Orders: Gas First Reaper Expand, Reaper Expand, Mech 

Get SALT Encoding   

  12  0:00  SCV  
  13  0:13  SCV  
  14  0:18  Supply Depot  
  14  0:25  SCV  
  15  0:31  Refinery  
  15  0:39  SCV  
  16  0:45  Barracks  
  16  0:51  SCV  
  17  1:03  SCV  
  18  1:15  SCV  
  19  1:31  Orbital Command  
  19  1:32  Reaper  
  20  1:46  Command Center  
  20  1:57  Factory  
  20  2:01  SCV  
  21  2:09  Reaper  
  21  2:10  Supply Depot  
  21  2:15  SCV  
  23  2:26  Refinery  
  23  2:32  SCV  
  24  2:43  Hellion  
  26  2:44  Barracks Reactor, SCV  
  27  2:57  SCV  
  27  2:58  Orbital Command  
  31  3:07  Hellion  
  31  3:09  SCV  
  31  3:22  Command Center  
  31  3:24  SCV x2  
  33  3:34  Cyclone  
  33  3:35  Cyclone  
  33  3:37  SCV  
  33  3:39  SCV  
  41  3:49  SCV, Supply Depot  
  41  3:51  SCV  
  42  4:01  SCV  
  43  4:03  Refinery, SCV  
  43  4:04  Refinery  
  44  4:10  Cyclone  
  44  4:11  Cyclone  
  44  4:13  SCV  
  44  4:16  SCV  
  52  4:18  Supply Depot  
  52  4:25  SCV  
  52  4:28  SCV  
  54  4:36  Armory  
  54  4:40  SCV x2, Armory  
  56  4:48  Orbital Command  
  56  4:52  SCV x2  
  58  5:02  Cyclone x2  
  58  5:04  SCV x2  
  66  5:16  SCV x2  
  66  5:19  SCV  
  69  5:26  Terran Vehicle Weapons Level 1  
  69  5:28  Terran Vehicle And Ship Armor Level 1, SCV x2  
  69  5:30  Barracks Tech Lab  
  69  5:31  SCV  
  69  5:32  Factory x2  
  72  5:38  Supply Depot  
  72  5:40  SCV x2  
  73  5:43  SCV  
  72  5:52  SCV  
  72  5:55  SCV x2  
  75  6:00  Supply Depot x2  
  75  6:01  Hellion x2  
  79  6:06  SCV, Barracks Tech Lab  
  79  6:07  SCV  
  79  6:08  SCV  
  82  6:11  Supply Depot  
  82  6:18  SCV  
  82  6:19  SCV  
  82  6:20  SCV  
  82  6:25  Hellion x2  
  89  6:30  SCV  
  89  6:31  SCV  
  89  6:32  SCV  
  92  6:36  Supply Depot x2  
  92  6:37  Infernal Pre-Igniter  
  92  6:39  Siege Tank  
  95  6:43  SCV x2  
  95  6:45  SCV  
  95  6:46  Siege Tank  
  101  6:52  Supply Depot  
  101  6:54  Hellion  
  101  6:55  Hellion  
  101  6:57  SCV x2  
  101  7:00  Refinery x2  
  107  7:08  SCV, Factory x2  
  108  7:09  SCV  
  108  7:14  Siege Tank  
  112  7:16  Hellion x2  
  112  7:18  Siege Tank  
  112  7:20  Terran Vehicle Weapons Level 2  
  118  7:22  Starport  
  118  7:34  Terran Vehicle And Ship Armor Level 2  
  118  7:37  Command Center, Supply Depot  
  118  7:39  Hellion x2  
  118  7:44  Supply Depot x2  
  122  7:46  Siege Tank  
  122  7:50  SCV x3  
  128  7:53  Supply Depot  
  128  7:55  Factory Tech Lab, Factory Reactor  
  128  7:57  Engineering Bay  
  128  7:59  Siege Tank  
  128  8:00  Hellion x2  
  128  8:01  Smart Servos  
  128  8:05  Supply Depot x2  
  135  8:10  Starport Reactor  
  135  8:11  SCV x3  
  138  8:18  Siege Tank  
  138  8:19  Supply Depot  
  141  8:22  Siege Tank  
  141  8:24  Hellion x2  
  148  8:28  SCV x3  
  151  8:36  Siege Tank  
  151  8:37  Hellion x2  
  151  8:40  SCV x3  
  161  8:41  Refinery  
  161  8:45  Refinery  
  161  8:48  Hellion x2  
  165  8:49  Viking x2  
  165  8:51  Planetary Fortress  
  170  8:55  SCV x2  
  170  8:56  SCV  
  170  8:59  Missile Turret  
  172  9:02  Missile Turret  
  172  9:05  Hi-Sec Auto Tracking, Missile Turret  
  172  9:06  Missile Turret x2  
  172  9:12  Thor  
  172  9:14  Siege Tank  
  172  9:15  Siege Tank  
  172  9:16  Hellion  
  184  9:20  Viking x2  
  184  9:23  Hellion  
  189  9:26  Hellion  
  189  9:30  Hellion  
  191  9:31  Hellion x15  
  191  9:35  Command Center  
  191  9:38  Terran Vehicle Weapons Level 3  
  191  9:43  Hellion  
  193  9:46  Siege Tank  
  193  9:47  Siege Tank  
  193  10:16  Siege Tank  
  193  10:19  Siege Tank x2  
  195  10:23  Hellion x2  
  169  10:44  Hellion x2  
  169  10:46  Viking  
  169  10:47  Viking  
  169  10:48  Siege Tank  
  169  10:49  Hellion  
  148  10:50  Hellion  
  148  10:51  Siege Tank x2  
  127  11:05  Hellion  
  127  11:07  Hellion  
  127  11:11  SCV x3  
  126  11:15  Command Center  
  126  11:16  Viking  
  126  11:17  Viking  
  110  11:20  Siege Tank  
  110  11:22  Hellion x2  
  110  11:23  Siege Tank x2  
  106  11:29  Hellion  
  104  11:38  Hellion  
  106  11:43  Hellion  
  106  11:45  Viking  
  106  11:46  SCV  
  111  11:47  Viking  
  111  11:52  Siege Tank  
  116  11:58  SCV  
  117  12:08  SCV  
  112  12:10  SCV  
  105  12:18  Siege Tank x2  
  105  12:19  Hellion x4  
  105  12:20  SCV  
  105  12:22  SCV  
  121  12:32  SCV  
  121  12:34  SCV  
  123  12:44  SCV  
  123  12:46  Siege Tank, SCV  
  123  12:47  Command Center  
  123  12:48  Hellion  
  130  13:00  Planetary Fortress  
  130  13:22  Siege Tank x2  
  130  13:23  Viking  
  130  13:25  Viking  
  141  13:42  Hellion x12  
Show
View Real Time Build Order
Export as new Build Order

Maneater Terran 

Build Orders: Reaper Expand, Bio Tank, Banshee Rush 

Get SALT Encoding   

  12  0:00  SCV  
  13  0:12  SCV  
  14  0:17  Supply Depot  
  14  0:25  SCV  
  15  0:39  SCV  
  15  0:40  Barracks  
  16  0:45  Refinery  
  16  0:51  SCV  
  17  1:03  SCV  
  18  1:15  SCV  
  19  1:28  Orbital Command  
  19  1:29  Reaper  
  20  1:44  Command Center  
  20  1:55  SCV  
  20  1:56  Supply Depot  
  20  2:01  Marine  
  22  2:07  SCV  
  23  2:18  Factory  
  23  2:21  SCV  
  24  2:23  Refinery, Barracks Reactor  
  24  2:33  SCV  
  24  2:34  Bunker  
  25  2:45  SCV  
  26  2:57  Orbital Command, SCV  
  27  2:58  Marine  
  27  2:59  Marine  
  27  3:02  Starport, Factory Tech Lab  
  29  3:09  SCV  
  30  3:16  Marine x2  
  32  3:21  SCV  
  32  3:24  SCV  
  34  3:34  SCV  
  34  3:36  SCV, Marine x2  
  34  3:40  Supply Depot  
  38  3:43  Cloaking Field  
  38  3:44  Banshee  
  38  3:47  SCV  
  38  3:48  SCV  
  43  3:50  Supply Depot  
  43  3:54  Marine x2  
  45  3:59  SCV  
  45  4:01  SCV  
  46  4:12  Command Center  
  46  4:13  Factory Tech Lab  
  46  4:14  Marine x2  
  48  4:18  SCV  
  48  4:19  SCV  
  48  4:23  Supply Depot  
  50  4:27  Banshee  
  50  4:30  SCV  
  50  4:31  SCV  
  55  4:35  Siege Tank  
  58  4:39  Supply Depot  
  58  4:42  SCV  
  58  4:43  SCV  
  58  4:44  Marine x2  
  62  4:53  Barracks  
  62  4:55  Barracks  
  62  5:04  SCV x2  
  62  5:07  Refinery, Marine x2  
  61  5:08  Siege Tank, Refinery  
  66  5:16  SCV x2  
  66  5:19  Starport Tech Lab  
  68  5:25  Orbital Command, Marine x2  
  70  5:28  SCV x2  
  72  5:36  Engineering Bay x2  
  72  5:43  Marine x2  
  72  5:48  Siege Tank  
  77  5:54  Starport Reactor  
  77  5:55  SCV x2  
  76  5:57  Combat Shields  
  76  5:58  Stimpack, Marine x2  
  76  6:01  Marine x2  
  80  6:04  Terran Infantry Weapons Level 1, Terran Infantry Armor Level 1  
  80  6:07  SCV x2  
  82  6:16  Marine x2  
  84  6:18  Marine  
  84  6:19  Barracks, SCV x2  
  84  6:20  Orbital Command  
  84  6:21  Barracks  
  84  6:23  Marine  
  88  6:28  Supply Depot  
  88  6:31  Siege Tank, SCV  
  88  6:32  SCV  
  93  6:39  Supply Depot  
  93  6:40  Supply Depot  
  93  6:50  Marine  
  93  6:51  SCV x3  
  93  6:53  Command Center  
  97  6:56  Medivac  
  97  6:57  Medivac  
  101  7:02  Refinery  
  101  7:03  Refinery, Siege Tank, SCV x2  
  101  7:07  SCV  
  101  7:08  Supply Depot x2  
  107  7:10  Barracks Reactor  
  107  7:15  SCV  
  108  7:17  Factory  
  108  7:23  Supply Depot  
  108  7:25  SCV x2  
  108  7:27  SCV  
  111  7:30  Barracks Reactor  
  111  7:31  Armory  
  111  7:32  Barracks Tech Lab  
  111  7:33  Marauder, Marine  
  111  7:36  Siege Tank  
  117  7:37  SCV  
  117  7:38  SCV, Medivac x2  
  117  7:39  SCV  
  117  7:40  Marine x2  
  126  7:45  Supply Depot  
  126  7:48  Supply Depot  
  126  7:49  SCV  
  126  7:50  SCV  
  126  7:51  SCV, Marine  
  130  8:02  SCV x2  
  130  8:04  Supply Depot  
  130  8:05  Supply Depot  
  132  8:08  Siege Tank  
  132  8:11  Supply Depot x2, Factory Tech Lab  
  135  8:15  SCV x3  
  135  8:18  Supply Depot  
  138  8:23  Planetary Fortress  
  138  8:25  Terran Infantry Weapons Level 2  
  138  8:26  Terran Infantry Armor Level 2  
  138  8:27  SCV x3  
  138  8:31  Marine x5  
  138  8:32  Marauder  
  148  8:40  Siege Tank  
  151  8:43  Marauder  
  151  8:45  Refinery  
  151  8:46  Concussive Shells  
  151  8:47  Refinery  
  153  8:48  Marine x2  
  153  8:49  Marine x2  
  153  8:50  Marauder  
  153  8:51  Medivac  
  153  8:52  Sensor Tower  
  153  8:53  Marauder  
  153  8:54  Medivac  
  165  9:04  Marine  
  165  9:06  Terran Vehicle Weapons Level 1, Marine x2  
  165  9:07  Marine x2  
  170  9:10  Barracks, Marine  
  170  9:12  Barracks  
  170  9:14  Marine  
  170  9:15  Barracks  
  172  9:23  Marauder  
  174  9:24  Marine x3  
  174  9:25  Marine  
  174  9:29  Marauder  
  180  9:32  Marauder  
  180  9:34  Medivac x2  
  186  9:44  Marauder, Missile Turret  
  188  9:50  Marauder  
  188  9:52  Command Center  
  190  9:54  Marauder  
  190  9:56  Marine  
  190  9:57  Marine  
  190  9:58  Barracks Tech Lab  
  190  9:59  Barracks Tech Lab  
  194  10:04  Medivac  
  194  10:05  Marauder  
  198  10:12  Marauder  
  194  10:15  Marauder  
  194  10:16  Command Center  
  194  10:17  Marauder, Barracks Tech Lab  
  173  10:34  Marauder x2  
  162  10:36  Marauder  
  162  10:37  Siege Tank x2  
  162  10:38  Marauder  
  162  10:39  Marine  
  162  10:40  Marauder x2  
  125  10:50  Marine x3  
  125  10:55  Marauder x2  
  110  10:57  Marine  
  110  10:58  Marauder  
  110  10:59  Marauder  
  110  11:01  Marine x2  
  110  11:02  SCV x2  
  113  11:07  Marine  
  113  11:08  Marine x2  
  92  11:15  Marine  
  92  11:16  Marauder, Marine  
  88  11:18  Marine  
  88  11:24  Marine  
  88  11:25  Marine  
  69  11:45  Orbital Command  
  69  12:08  Orbital Command  
  64  12:40  SCV, Marine  
  64  12:41  Marine x4  
  64  12:42  Marauder  
  72  12:49  SCV  
  73  12:52  SCV  
  74  13:01  SCV  
  74  13:04  SCV  
  74  13:05  Marine x3  
  76  13:06  Marauder, Marine x2  
  83  13:13  SCV  
  83  13:16  SCV, Marine  
  83  13:17  Marauder, Marine x2  
  90  13:23  Marine x2  
  90  13:25  SCV  
  93  13:28  SCV  
  94  13:40  Marine x2  
  94  13:41  Marauder, Marine  
  99  13:42  Marine  
  99  13:43  Marauder, Siege Tank  
  99  13:53  SCV x2  
  74  14:05  SCV  
Tags
 
Add a new tag
Caveats
  • Supply blocks, unpowered buildings, or Contaminate may cause inaccurate times.
  • Supply counts are checked every 10 seconds.